 Dungeon Crawl Stone Soup version 0.31-a0-174-g85c54bcb58 (webtiles) character file.

Game seed: 15462511865147911134

126651 qw the Severer (level 16, -7/156 HPs)
             Began as a Gargoyle Fighter on June 15, 2023.
             Was a High Priest of Okawaru.
             Mangled by a steelbarb worm (18 damage)
             ... on level 2 of the Spider Nest.
             The game lasted 00:14:42 (28370 turns).

qw the Severer (Gargoyle Fighter)                  Turns: 28370, Time: 00:14:43

Health: -7/156     AC: 43    Str: 30      XL:     16   Next: 99%
Magic:  32/32      EV: 15    Int: 10      God:    Okawaru [*****.]
Gold:   1721       SH: 14    Dex: 14 (15) Spells: 15/15 levels left

rFire   . . .        r - +1 broad axe of the Shouting Dragonfly {heavy, *Slow Str+3 Dex+4}
rCold   x . .        j - +2 kite shield {AC+3}
rNeg    + . .        h - +0 plate armour
rPois   inf          o - +2 helmet
rElec   +            x - +2 cloak {rCorr}
rCorr   +            v - +0 pair of gloves
SInv    .            g - +2 pair of boots
Will    ++...        i - amulet of faith Stlth
                     A - ring of Activism {rPois rC- Will+ MP+9 EV+5}
HPRegen 0.46/turn    f - +4 ring of slaying {mikee}
MPRegen 0.23/turn

%: random rage (3%), slow self (1%), faith
@: berserking, spiked, flying, very quick
A: sickness immunity, AC +12, big wings, negative energy resistance 1,
electricity resistance, torment resistance 1, petrification resistance, hooves
1, thin skeletal structure 1, berserk 1, deterioration 1
a: Renounce Religion, Heroism, Finesse, Duel


You were on level 2 of the Spider Nest.
You worshipped Okawaru.
Okawaru was extremely pleased with you.
You visited 4 branches of the dungeon, and saw 24 of its levels.
You also visited: Ossuary.

You collected 2597 gold pieces.
You spent 876 gold pieces at shops.


Innate Abilities, Weirdness & Mutations

You are immune to sickness and miasma.
Your stone body is resilient. (AC +12)
You are immune to poison.
Your large and strong wings let you fly.
You resist negative energy. (rN+)
You are resistant to electric shocks. (rElec)
You are resistant to unholy torment.
You are immune to petrification.
You have large cloven feet.
You have a somewhat thin skeletal structure. (Dex +2, Stealth+)
You sometimes lose your temper in combat.
Your body sometimes deteriorates upon taking damage.


   Skills:
 - Level 13.0 Fighting
 + Level 17.4 Axes
 - Level 7.0 Throwing
 - Level 13.0 Armour
 - Level 5.0 Dodging
 - Level 13.0 Shields
 - Level 10.1 Invocations


You had 15 spell levels left.
You didn't know any spells.
Your spell library was empty.

Inventory:

Hand Weapons
 r - the +1 broad axe of the Shouting Dragonfly (weapon) {heavy, *Slow Str+3 Dex+4}
   (Okawaru gifted it to you on level 14 of the Dungeon)

   Str:       It affects your strength (+3).
   Dex:       It affects your dexterity (+4).
   *Slow:     It may slow you when you take damage.
 s - a +0 broad axe of flaming
 y - the +1 war axe of Reinforcement {venom, rC+ Dex+4 SInv}
   (You bought it in a shop on level 12 of the Dungeon)

   Dex:       It affects your dexterity (+4).
   rC:        It protects you from cold.
   SInv:      It lets you see invisible.
 z - a +1 heavy broad axe
Missiles
 C - 4 boomerangs (quivered)
Armour
 g - a +2 pair of boots (worn)
 h - a +0 plate armour (worn)
 j - a +2 kite shield of protection (worn)
 o - a +2 helmet (worn)
 q - +0 acid dragon scales
 v - a +0 pair of gloves (worn)
 x - a +2 cloak of preservation (worn)
 D - a +1 chain mail of cold resistance
Jewellery
 e - a ring of protection from cold
 f - a +4 ring of slaying (right hand) {mikee}
 i - an amulet of faith (around neck)
 w - an amulet of regeneration
 A - the ring of Activism (left hand) {rPois rC- Will+ MP+9 EV+5}
   (You found it on level 13 of the Dungeon)

   [ring of evasion]

   EV:        It affects your evasion (+5).
   rC:        It makes you vulnerable to cold.
   rPois:     It protects you from poison.
   MP:        It affects your magic capacity (+9).
   Will:      It increases your willpower.
 B - a ring of protection from cold
 Y - a +4 ring of protection
Wands
 c - a wand of digging (5)
Scrolls
 b - 17 scrolls of identify
 m - 9 scrolls of teleportation
 n - 2 scrolls of enchant weapon
 G - a scroll of brand weapon
Potions
 a - 13 potions of curing
 d - 6 potions of might
 k - 8 potions of lignification
 l - 2 potions of attraction
 t - 7 potions of heal wounds
 u - 6 potions of haste

Dungeon Overview and Level Annotations

Branches:
Dungeon (15/15)            Temple (0/1) D:6            Lair (5/5) D:10
 Shoals (0/4) Lair:2       Spider (2/4) Lair:2        Slime (0/5) Lair:5
    Orc (2/2) D:11            Elf (0/3) Orc:2        Vaults (0/5) D:14
 Depths (0/4) D:15        Ossuary (visited)

Altars:
Dithmenos
Elyvilon
Makhleb
Okawaru
Qazlal
Ru
Sif Muna
Trog
Wu Jian
Xom
Zin
Jiyva

Shops:
D:12 (   Orc:1 *   Orc:2 !**(

Annotations:
D:4 1 runed translucent door, qw's ghost, amateur GrHu


Message History

Okawaru accepts your kill.
You slice the demonic crawler like a ripe choko!!!
You slash the steelbarb worm!
You chop the entropy weaver into pieces!!!
You hear a faint skittering sound.
You block the demonic crawler's attack. x2; The demonic crawler misses you.
You block the steelbarb worm's attack. The entropy weaver misses you.
The entropy weaver hits you!
The entropy weaver hits you but does no damage.
You block the entropy weaver's attack.
The redback bites you but does no damage.
The jumping spider leaps!
The demonic crawler hits you but does no damage. x2
The demonic crawler misses you.
You slice the redback!!
You kill the redback!
Okawaru accepts your kill.
You slash the steelbarb worm! You slash the entropy weaver!
You hit the demonic crawler but do no damage.
You slice the moth of wrath!! The steelbarb worm hits you!
Barbed spikes become lodged in your body.
You block the demonic crawler's attack. The demonic crawler misses you.
The demonic crawler closely misses you. The moth of wrath misses you.
The entropy weaver hits you but does no damage.
The entropy weaver completely misses you.
The entropy weaver hits you but does no damage.
The entropy weaver completely misses you.
You barely miss the entropy weaver.
The entropy weaver is almost dead.
You slice the culicivora!! You slash the demonic crawler!
You slice the moth of wrath!!
You cut the steelbarb worm into ribbons!!!
You hear a faint skittering sound.
The steelbarb worm hits you.
Barbed spikes become lodged in your body.
You block the demonic crawler's attack. x2
The demonic crawler hits you but does no damage.
The culicivora barely misses you. The steelbarb worm hits you!!
You die...

.. ......(. .##......#.
##.#....#..^ #..........(
##### #......s...( ###..^#
#......[... ......##
##^wss....$.
.......######..B@y......
..#.....^..^............
..............#.........
#....................^..
..#...##...#^..#.#^....#
....###..#..............
#^.......#......#..#........
...........................#
#...............#...........


You could see an entropy weaver, a steelbarb worm (berserk), a demonic crawler
(berserk), a moth of wrath, an orb spider and a culicivora.

Vanquished Creatures
  Arachne (Spider:2)
  Donald (Orc:2)
  A ghost moth (Spider:1)
  2 orc warlords
  A broodmother (Spider:2)
  A stone giant (D:15)
  Josephine (Lair:5)
  A hydra (Lair:3)
  5 catoblepae
  4 ogre magi (Orc:2)
  3 centaur warriors
  5 boulder beetles
  Erica (Lair:2)
  18 two-headed ogres
  4 tengu warriors
  15 death yaks
  5 demonic crawlers
  Sonja (Lair:5)
  6 skeletal warriors
  2 skysharks
  2 pharaoh ants (Spider:1)
  3 orb spiders
  2 steelbarb worms (Spider:1)
  An orc knight (Orc:1)
  A lindwurm (Lair:5)
  A necromancer (D:14)
  3 deep elf pyromancers
  7 wolf spiders (Spider:2)
  6 ugly things (D:15)
  6 manticores
  An orc sorcerer (Orc:1)
  9 cyclopes
  A salamander (shapeshifter) (D:15)
  Maurice (D:11)
  3 merfolk sirens (Lair:2)
  2 torpor snails
  8 black mambas
  Joseph (D:10)
  2 rime drakes
  Maggie (D:7)
  An unseen horror (D:12)
  11 cane toads
  A cane toad (shapeshifter) (D:13)
  Psyche (D:11)
  3 kobold demonologists
  12 komodo dragons
  2 efreet
  2 tengu conjurers
  A merfolk (Lair:2)
  5 trolls
  3 polar bears
  17 blink frogs
  8 tarantellas
  6 dream sheep (Lair:5)
  22 slime creatures
  5 jumping spiders
  A centaur simulacrum (D:15)
  60 yaks
  6 culicivoras (Spider:2)
  7 wyverns
  A vampire (D:14)
  A shadow (D:11)
  Grum (D:11)
  6 wraiths
  8 basilisks
  3 fire bats (Lair:4)
  9 redbacks
  15 vampire mosquitoes
  A steam dragon (D:9)
  Edmund (D:3)
  3 wargs (Orc:1)
  4 acid dragons
  15 water moccasins
  23 orc warriors
  A meliai simulacrum (D:14)
  4 sky beasts (D:7)
  5 black bears
  4 ice beasts
  30 ogres
  37 wolves
  10 centaurs
  3 phantoms
  8 kobold brigands
  13 bullfrogs
  2 gnoll sergeants (D:9)
  11 scorpions
  12 wights
  5 killer bees (D:9)
  An electric eel (D:9)
  5 howler monkeys
  2 human zombies (Ossuary)
  5 centaur zombies (Ossuary)
  2 gnoll boudas
  A hound (D:5)
  4 jellies (Lair:5)
  34 orc priests
  2 sleepcaps (D:6)
  Ijyb (D:4)
  Jessica (D:2)
  30 orc wizards
  Natasha (thrice) (D:2)
  An iguana (D:3)
  3 scorpion zombies (Ossuary)
  3 hell rats (Lair:2)
  3 mummies (Ossuary)
  Robin (D:2)
  11 adders
  10 gnolls
  2 river rats (Lair:2)
  4 white imps
  5 worms
  4 dart slugs
  87 orcs
  3 bats (D:1)
  9 endoplasms
  3 giant cockroaches
  7 goblins
  13 hobgoblins
  5 jackals
  8 kobolds
  3 quokkas
  5 ball pythons
  12 frilled lizards
  A gnoll zombie (Ossuary)
  2 goblin zombies (Ossuary)
  A kobold zombie (Ossuary)
  2 orc zombies (Ossuary)
  10 rats
  4 butterflies
862 creatures vanquished.

Vanquished Creatures (others)
  A jumping spider (Spider:2)
1 creature vanquished.

Grand Total: 863 creatures vanquished

Notes
Turn   | Place    | Note
-------+----------+-------------------------------------------
     0 | D:1      | qw the Gargoyle Fighter began the quest for the Orb.
     0 | D:1      | Reached XP level 1. HP: 14/14 MP: 1/1
     0 | D:1      | 0 ||| qw: Version: 0.2-a-29-g511e9b1
     0 | D:1      | 0 ||| qw: Game counter: 5377
     0 | D:1      | 0 ||| qw: Always use a shield: true
     0 | D:1      | 0 ||| qw: God list: Okawaru
     0 | D:1      | 0 ||| qw: Allow faded altars: false
     0 | D:1      | 0 ||| qw: Do Orc after D:15 true
     0 | D:1      | 0 ||| qw: Do second Lair branch before Depths: true
     0 | D:1      | 0 ||| qw: Lair rune preference: random
     0 | D:1      | 0 ||| qw: Plans: Normal, Zot:1-4, Slime:5, God:TSO, Crypt,
                  | Tomb, Abyss, Pan, Hells, Win
     0 | D:1      | 0 ||| PLANNING D:1-11
    26 | D:1      | Reached skill level 2 in Axes
    67 | D:1      | Reached XP level 2. HP: 15/19 MP: 2/2
   288 | D:1      | Reached skill level 3 in Axes
   386 | D:1      | 386 ||| Stepping ~*~*~tactically~*~*~ (stealth).
   391 | D:1      | Reached XP level 3. HP: 23/23 MP: 3/3
   391 | D:1      | 391 ||| Stepping ~*~*~tactically~*~*~ (stealth).
   411 | D:1      | 411 ||| Stepping ~*~*~tactically~*~*~ (stealth).
   498 | D:1      | 498 ||| UPGRADING to +0 plate armour.
   508 | D:1      | 508 ||| DROPPING +0 scale mail.
   509 | D:1      | 509 ||| UPGRADING to amulet of faith.
   514 | D:1      | 514 ||| READING scroll labelled XUGECLALIDU.
   615 | D:1      | 615 ||| READING scroll labelled WUNWUE KUVIOLEAWIJ.
   616 | D:1      | 616 ||| READING scroll labelled SIMU COTHRORU.
   621 | D:1      | 621 ||| READING scroll labelled QILUZ ZURATIRPH.
   622 | D:1      | 622 ||| DRINKING 2 black potions.
   656 | D:2      | Noticed Natasha
   665 | D:2      | Killed Natasha
   711 | D:2      | Reached XP level 4. HP: 28/28 MP: 4/4
   714 | D:2      | Noticed Robin
   722 | D:2      | Killed Robin
   723 | D:2      | Reached skill level 4 in Axes
   740 | D:2      | 740 ||| Stepping ~*~*~tactically~*~*~ (stealth).
   822 | D:2      | Noticed Natasha
   823 | D:2      | 823 ||| Stepping ~*~*~tactically~*~*~ (stealth).
   833 | D:2      | 833 ||| Stepping ~*~*~tactically~*~*~ (hiding).
   842 | D:2      | Killed Natasha
   853 | D:2      | Noticed Natasha
   862 | D:2      | HP: 7/28 [Natasha (3)]
   863 | D:2      | Killed Natasha
   864 | D:2      | Reached XP level 5. HP: 9/32 MP: 5/5
   973 | D:2      | 973 ||| Stepping ~*~*~tactically~*~*~ (hiding).
  1061 | D:2      | 1061 ||| Stepping ~*~*~tactically~*~*~ (stealth).
  1312 | D:2      | Noticed Jessica
  1326 | D:2      | Killed Jessica
  1327 | D:2      | Reached skill level 5 in Axes
  1432 | D:2      | 1432 ||| UPGRADING to +0 helmet.
  1437 | D:2      | 1437 ||| UPGRADING to +2 pair of boots.
  1442 | D:2      | 1442 ||| UPGRADING to +2 helmet.
  1452 | D:2      | 1452 ||| DROPPING +0 helmet.
  1453 | D:2      | 1453 ||| UPGRADING to ring of willpower.
  1454 | D:2      | 1454 ||| READING scroll labelled QUARHI KYHI.
  1455 | D:2      | 1455 ||| READING scroll labelled DOLOWN CEOTSU.
  1535 | D:3      | 1535 ||| FLEEEEING.
  1536 | D:3      | 1536 ||| FLEEEEING.
  1537 | D:3      | 1537 ||| FLEEEEING.
  1538 | D:3      | 1538 ||| FLEEEEING.
  1539 | D:3      | 1539 ||| FLEEEEING.
  1541 | D:3      | 1541 ||| FLEEEEING.
  1542 | D:3      | 1542 ||| FLEEEEING.
  1543 | D:3      | 1543 ||| FLEEEEING.
  1544 | D:3      | 1544 ||| FLEEEEING.
  1545 | D:3      | 1545 ||| FLEEEEING.
  1546 | D:3      | 1546 ||| FLEEEEING.
  1547 | D:3      | 1547 ||| FLEEEEING.
  1548 | D:3      | 1548 ||| FLEEEEING.
  1549 | D:3      | 1549 ||| FLEEEEING.
  1550 | D:3      | 1550 ||| STAIRDANCE
  1582 | D:2      | 1582 ||| READING scroll labelled POAZ NENERIPRA.
  1583 | D:2      | 1583 ||| DRINKING 2 sedimented purple potions.
  1586 | D:3      | 1586 ||| STAIRDANCE
  1713 | D:3      | 1713 ||| Stepping ~*~*~tactically~*~*~ (stealth).
  1716 | D:3      | 1716 ||| Stepping ~*~*~tactically~*~*~ (stealth).
  1736 | D:3      | Reached XP level 6. HP: 38/38 MP: 6/6
  1798 | D:3      | 1798 ||| Stepping ~*~*~tactically~*~*~ (stealth).
  1800 | D:3      | 1800 ||| Stepping ~*~*~tactically~*~*~ (stealth).
  1801 | D:3      | 1801 ||| Stepping ~*~*~tactically~*~*~ (stealth).
  1891 | D:3      | 1891 ||| Stepping ~*~*~tactically~*~*~ (stealth).
  1918 | D:3      | 1918 ||| Stepping ~*~*~tactically~*~*~ (hiding).
  1941 | D:3      | 1941 ||| FLEEEEING.
  2046 | D:3      | 2046 ||| DROPPING +0 club.
  2049 | D:3      | 2049 ||| Stepping ~*~*~tactically~*~*~ (stealth).
  2050 | D:3      | 2050 ||| Stepping ~*~*~tactically~*~*~ (stealth).
  2186 | D:3      | Found a white marble altar of Elyvilon.
  2370 | D:3      | 2370 ||| READING scroll labelled FYSO IFIKLUVA.
  2371 | D:3      | 2371 ||| READING scroll labelled BUSOID APHUU.
  2372 | D:3      | 2372 ||| READING scroll labelled VIPHIWN COIM.
  2373 | D:3      | 2373 ||| READING scroll labelled BUUKUIDDAP.
  2374 | D:3      | 2374 ||| DRINKING 2 inky potions.
  2375 | D:3      | 2375 ||| READING 2 scrolls of identify.
  2375 | D:3      | 2375 ||| IDENTIFYING yellow potion
  2376 | D:3      | 2376 ||| DROPPING potion of enlightenment.
  2390 | D:4      | Noticed Edmund
  2391 | D:4      | 2391 ||| PLANNING OSSUARY
  2402 | D:4      | 2402 ||| STAIRDANCE
  2407 | D:3      | Killed Edmund
  2408 | D:3      | Reached skill level 6 in Axes
  2408 | D:3      | Reached XP level 7. HP: 31/43 MP: 7/7
  2462 | D:3      | 2462 ||| DROPPING +0 mace.
  2654 | D:4      | Found a sand-covered staircase.
  2655 | D:4      | 2655 ||| DRINKING 2 metallic emerald potions.
  2656 | D:4      | 2656 ||| DROPPING potion of degeneration.
  2660 | D:4      | Noticed Ijyb
  2667 | D:4      | Killed Ijyb
  2669 | Ossuary  | Entered an ossuary
  2688 | Ossuary  | 2688 ||| FLEEEEING.
  2689 | Ossuary  | 2689 ||| FLEEEEING.
  2700 | Ossuary  | Reached skill level 7 in Axes
  2782 | Ossuary  | Reached XP level 8. HP: 49/49 MP: 8/8
  2799 | Ossuary  | Reached skill level 1 in Dodging
  2946 | Ossuary  | Reached skill level 8 in Axes
  3026 | Ossuary  | 3026 ||| DROPPING ring of magical power.
  3027 | Ossuary  | 3027 ||| READING scroll labelled COBILI BYPRYCY.
  3028 | Ossuary  | 3028 ||| READING scroll labelled VAUKHL SIUMYISEMI.
  3029 | Ossuary  | 3029 ||| DRINKING 2 coppery potions.
  3058 | Ossuary  | 3058 ||| DRINKING 2 sapphire potions.
  3162 | Ossuary  | 3162 ||| DRINKING 2 smoky pink potions.
  3163 | Ossuary  | 3163 ||| DROPPING potion of berserk rage.
  3217 | D:4      | 3217 ||| PLANNING D:1-11
  3248 | D:4      | 3248 ||| Stepping ~*~*~tactically~*~*~ (stealth).
  3249 | D:4      | 3249 ||| Stepping ~*~*~tactically~*~*~ (stealth).
  3251 | D:4      | 3251 ||| Stepping ~*~*~tactically~*~*~ (stealth).
  3253 | D:4      | 3253 ||| Stepping ~*~*~tactically~*~*~ (stealth).
  3412 | D:4      | 3412 ||| Stepping ~*~*~tactically~*~*~ (stealth).
  3414 | D:4      | 3414 ||| Stepping ~*~*~tactically~*~*~ (hiding).
  3422 | D:4      | 3422 ||| Stepping ~*~*~tactically~*~*~ (stealth).
  3423 | D:4      | 3423 ||| Stepping ~*~*~tactically~*~*~ (stealth).
  3427 | D:4      | Reached skill level 6 in Fighting
  3449 | D:4      | You fall into a shaft and drop 3 floors!
  3470 | D:7      | Noticed Maggie
  3486 | D:7      | Killed Maggie
  3487 | D:7      | Reached skill level 3 in Throwing
  3487 | D:7      | Reached XP level 9. HP: 27/55 MP: 9/9
  3583 | D:7      | 3583 ||| UPGRADING to +2 war axe of draining.
  3690 | D:7      | 3690 ||| UPGRADING to +0 cloak.
  3726 | D:5      | Entered Level 5 of the Dungeon
  3780 | D:5      | 3780 ||| Stepping ~*~*~tactically~*~*~ (stealth).
  3854 | D:5      | 3854 ||| Stepping ~*~*~tactically~*~*~ (stealth).
  3857 | D:5      | Found an iron altar of Okawaru.
  3858 | D:5      | 3858 ||| PLANNING OKAWARU WORSHIP
  3861 | D:5      | Reached skill level 9 in Axes
  3867 | D:5      | Became a worshipper of Warmaster Okawaru
  3868 | D:5      | 3868 ||| PLANNING D:1-11
  3868 | D:5      | Identified the +1 mace "Boefum Wiaw" {freeze, Fragile rN+
                  | Stlth+}
  3870 | D:5      | 3870 ||| DROPPING +1 mace "Boefum Wiaw" {freeze, Fragile
                  | rN+ Stlth+}.
  3879 | D:5      | 3879 ||| Stepping ~*~*~tactically~*~*~ (hiding).
  3931 | D:4      | Found a runed translucent door.
  3931 | D:4      | Noticed qw's ghost (amateur GrHu)
  4530 | D:5      | 4530 ||| Stepping ~*~*~tactically~*~*~ (stealth).
  4534 | D:5      | 4534 ||| Stepping ~*~*~tactically~*~*~ (stealth).
  4536 | D:5      | 4536 ||| Stepping ~*~*~tactically~*~*~ (stealth).
  4538 | D:5      | 4538 ||| Stepping ~*~*~tactically~*~*~ (stealth).
  4540 | D:5      | 4540 ||| Stepping ~*~*~tactically~*~*~ (stealth).
  4593 | D:5      | Reached skill level 6 in Armour
  4669 | D:5      | 4669 ||| Stepping ~*~*~tactically~*~*~ (stealth).
  4985 | D:5      | 4985 ||| UPGRADING to ring of protection from cold.
  4986 | D:5      | 4986 ||| READING scroll labelled XYTOUS ACSO.
  5035 | D:6      | 5035 ||| Stepping ~*~*~tactically~*~*~ (hiding).
  5284 | D:6      | Found a staircase to the Ecumenical Temple.
  5312 | D:6      | 5312 ||| Stepping ~*~*~tactically~*~*~ (stealth).
  5320 | D:6      | Reached * piety under Okawaru
  5359 | D:6      | Found a bloodstained altar of Trog.
  5530 | D:6      | Found a shimmering blue altar of Sif Muna.
  5530 | D:6      | Found a shimmering altar of Xom.
  5636 | D:6      | 5636 ||| Stepping ~*~*~tactically~*~*~ (stealth).
  5649 | D:6      | 5649 ||| INVOKING Heroism.
  5773 | D:6      | 5773 ||| Stepping ~*~*~tactically~*~*~ (stealth).
  5859 | D:6      | Found a shadowy altar of Dithmenos.
  6052 | D:6      | 6052 ||| INVOKING Heroism.
  6056 | D:6      | 6056 ||| Stepping ~*~*~tactically~*~*~ (stealth).
  6058 | D:6      | 6058 ||| Stepping ~*~*~tactically~*~*~ (stealth).
  6143 | D:6      | 6143 ||| Stepping ~*~*~tactically~*~*~ (hiding).
  6144 | D:6      | 6144 ||| Stepping ~*~*~tactically~*~*~ (hiding).
  6145 | D:6      | 6145 ||| Stepping ~*~*~tactically~*~*~ (hiding).
  6147 | D:6      | 6147 ||| Stepping ~*~*~tactically~*~*~ (hiding).
  6169 | D:6      | Found a glowing silver altar of Zin.
  6306 | D:6      | 6306 ||| READING 4 scrolls of identify.
  6306 | D:6      | 6306 ||| IDENTIFYING purple potion
  6335 | D:7      | Reached XP level 10. HP: 63/63 MP: 10/10
  6397 | D:7      | 6397 ||| Stepping ~*~*~tactically~*~*~ (stealth).
  6583 | D:7      | Reached skill level 1 in Invocations
  6683 | D:7      | Reached skill level 10 in Axes
  7138 | D:8      | 7138 ||| INVOKING Heroism.
  7149 | D:8      | Reached skill level 3 in Invocations
  7153 | D:8      | 7153 ||| INVOKING Heroism.
  7335 | D:8      | Found a sacrificial altar of Ru.
  7354 | D:8      | 7354 ||| Stepping ~*~*~tactically~*~*~ (stealth).
  7356 | D:8      | 7356 ||| Stepping ~*~*~tactically~*~*~ (hiding).
  7417 | D:8      | 7417 ||| Stepping ~*~*~tactically~*~*~ (stealth).
  7418 | D:8      | 7418 ||| Stepping ~*~*~tactically~*~*~ (stealth).
  7477 | D:8      | Noticed a cyclops
  7478 | D:8      | 7478 ||| INVOKING Heroism.
  7490 | D:8      | Killed a cyclops
  7490 | D:8      | Reached ** piety under Okawaru
  7661 | D:8      | 7661 ||| Stepping ~*~*~tactically~*~*~ (hiding).
  7662 | D:8      | 7662 ||| Stepping ~*~*~tactically~*~*~ (hiding).
  7663 | D:8      | 7663 ||| Stepping ~*~*~tactically~*~*~ (hiding).
  7665 | D:8      | 7665 ||| Stepping ~*~*~tactically~*~*~ (hiding).
  7893 | D:8      | Found an ornate altar of the Wu Jian Council.
  7932 | D:8      | 7932 ||| READING 2 scrolls of brand weapon.
  7932 | D:8      | 7932 ||| BRANDING +2 war axe of draining.
  7933 | D:8      | 7933 ||| UPGRADING to +0 war axe of freezing.
  7934 | D:8      | 7934 ||| READING scroll of brand weapon.
  7934 | D:8      | 7934 ||| BRANDING +0 war axe of freezing.
  7935 | D:8      | 7935 ||| DROPPING +2 heavy flail.
  8004 | D:8      | 8004 ||| Stepping ~*~*~tactically~*~*~ (stealth).
  8008 | D:8      | 8008 ||| Stepping ~*~*~tactically~*~*~ (hiding).
  8010 | D:8      | 8010 ||| Stepping ~*~*~tactically~*~*~ (hiding).
  8025 | D:8      | 8025 ||| Stepping ~*~*~tactically~*~*~ (stealth).
  8401 | D:9      | Noticed a kobold demonologist
  8413 | D:9      | Gained mutation: You are occasionally teleported next to
                  | monsters. [a neqoxec]
  8418 | D:9      | Killed a kobold demonologist
  8423 | D:9      | 8423 ||| DRINKING 2 potions of mutation.
  8423 | D:9      | Lost mutation: You are occasionally teleported next to
                  | monsters. [potion of mutation]
  8423 | D:9      | Gained mutation: You are robust. (+10% HP) [potion of
                  | mutation]
  8423 | D:9      | Gained mutation: You sometimes lose your temper in combat.
                  | [potion of mutation]
  8423 | D:9      | Gained mutation: You have hidden genetic potential. [potion
                  | of mutation]
  8442 | D:9      | 8442 ||| DRINKING potion of mutation.
  8442 | D:9      | Lost mutation: You have hidden genetic potential. [potion
                  | of mutation]
  8442 | D:9      | Lost mutation: You are robust. (+10% HP) [potion of
                  | mutation]
  8442 | D:9      | Lost mutation: You sometimes lose your temper in combat.
                  | [potion of mutation]
  8442 | D:9      | Gained mutation: Your body sometimes deteriorates upon
                  | taking damage. [potion of mutation]
  8442 | D:9      | Gained mutation: You have a somewhat thin skeletal
                  | structure. (Dex +2, Stealth+) [potion of mutation]
  8442 | D:9      | Gained mutation: You sometimes lose your temper in combat.
                  | [potion of mutation]
  8442 | D:9      | Gained mutation: You have large cloven feet. [potion of
                  | mutation]
  8464 | D:9      | 8464 ||| Stepping ~*~*~tactically~*~*~ (hiding).
  8465 | D:9      | 8465 ||| Stepping ~*~*~tactically~*~*~ (hiding).
  8468 | D:9      | 8468 ||| Stepping ~*~*~tactically~*~*~ (hiding).
  8484 | D:9      | 8484 ||| Stepping ~*~*~tactically~*~*~ (hiding).
  8485 | D:9      | 8485 ||| Stepping ~*~*~tactically~*~*~ (hiding).
  8632 | D:9      | 8632 ||| Stepping ~*~*~tactically~*~*~ (hiding).
  8633 | D:9      | 8633 ||| Stepping ~*~*~tactically~*~*~ (hiding).
  8635 | D:9      | 8635 ||| Stepping ~*~*~tactically~*~*~ (hiding).
  8653 | D:9      | 8653 ||| Stepping ~*~*~tactically~*~*~ (stealth).
  8655 | D:9      | 8655 ||| Stepping ~*~*~tactically~*~*~ (hiding).
  8656 | D:9      | 8656 ||| Stepping ~*~*~tactically~*~*~ (hiding).
  8658 | D:9      | Noticed a two-headed ogre
  8659 | D:9      | 8659 ||| INVOKING Heroism.
  8668 | D:9      | Killed a two-headed ogre
  8718 | D:9      | 8718 ||| Stepping ~*~*~tactically~*~*~ (hiding).
  8727 | D:9      | 8727 ||| INVOKING Heroism.
  8733 | D:9      | Reached XP level 11. HP: 64/68 MP: 11/14
  8733 | D:9      | Reached *** piety under Okawaru
  8739 | D:9      | Reached skill level 11 in Axes
  8747 | D:9      | Noticed a two-headed ogre
  8748 | D:9      | 8748 ||| Stepping ~*~*~tactically~*~*~ (stealth).
  8749 | D:9      | 8749 ||| Stepping ~*~*~tactically~*~*~ (stealth).
  8762 | D:9      | 8762 ||| INVOKING Heroism.
  8770 | D:9      | Killed a two-headed ogre
  8889 | D:9      | 8889 ||| INVOKING Heroism.
  8889 | D:9      | Noticed a manticore
  8890 | D:9      | 8890 ||| Stepping ~*~*~tactically~*~*~ (stealth).
  8892 | D:9      | 8892 ||| Stepping ~*~*~tactically~*~*~ (stealth).
  8912 | D:9      | 8912 ||| Stepping ~*~*~tactically~*~*~ (stealth).
  8942 | D:9      | 8942 ||| INVOKING Heroism.
  8944 | D:9      | Noticed a skeletal warrior
  8951 | D:9      | Killed a manticore
  8968 | D:9      | Killed a skeletal warrior
  8969 | D:9      | Reached skill level 9 in Fighting
  8982 | D:9      | 8982 ||| FLEEEEING.
  8984 | D:9      | 8984 ||| FLEEEEING.
  8987 | D:9      | 8987 ||| FLEEEEING.
  8988 | D:9      | 8988 ||| FLEEEEING.
  8989 | D:9      | 8989 ||| FLEEEEING.
  8990 | D:9      | 8990 ||| FLEEEEING.
  8991 | D:9      | 8991 ||| FLEEEEING.
  8992 | D:9      | 8992 ||| FLEEEEING.
  8993 | D:9      | 8993 ||| STAIRDANCE
  9111 | D:9      | 9111 ||| Stepping ~*~*~tactically~*~*~ (stealth).
  9113 | D:9      | 9113 ||| Stepping ~*~*~tactically~*~*~ (hiding).
  9117 | D:9      | 9117 ||| INVOKING Heroism.
  9123 | D:9      | 9123 ||| Stepping ~*~*~tactically~*~*~ (cloud).
  9125 | D:9      | 9125 ||| Stepping ~*~*~tactically~*~*~ (hiding).
  9132 | D:9      | Received a gift from Okawaru
  9133 | D:9      | 9133 ||| Stepping ~*~*~tactically~*~*~ (hiding).
  9135 | D:9      | 9135 ||| Stepping ~*~*~tactically~*~*~ (hiding).
  9138 | D:9      | 9138 ||| Stepping ~*~*~tactically~*~*~ (hiding).
  9151 | D:9      | 9151 ||| Stepping ~*~*~tactically~*~*~ (stealth).
  9175 | D:9      | 9175 ||| Stepping ~*~*~tactically~*~*~ (stealth).
  9222 | D:9      | Noticed a centaur warrior
  9299 | D:9      | Noticed a two-headed ogre
  9300 | D:9      | 9300 ||| INVOKING Heroism.
  9308 | D:9      | Killed a two-headed ogre
  9355 | D:9      | Reached **** piety under Okawaru
  9360 | D:9      | 9360 ||| Stepping ~*~*~tactically~*~*~ (stealth).
  9379 | D:9      | 9379 ||| Stepping ~*~*~tactically~*~*~ (stealth).
  9381 | D:9      | 9381 ||| Stepping ~*~*~tactically~*~*~ (hiding).
  9602 | D:9      | 9602 ||| INVOKING Heroism.
  9861 | D:9      | 9861 ||| Stepping ~*~*~tactically~*~*~ (hiding).
  9863 | D:9      | 9863 ||| Stepping ~*~*~tactically~*~*~ (hiding).
  9867 | D:9      | 9867 ||| INVOKING Heroism.
  9875 | D:9      | HP: 7/71 [centaur warrior/+0 flail (16)]
  9876 | D:9      | 9876 ||| READING 4 scrolls of teleportation.
  9876 | D:9      | HP: 2/71 [centaur warrior/+0 flail (5)]
  9877 | D:9      | 9877 ||| DRINKING 4 potions of heal wounds.
  9878 | D:9      | 9878 ||| DRINKING 3 potions of heal wounds.
  9879 | D:9      | Killed a centaur warrior
  9880 | D:9      | Reached skill level 12 in Axes
 10232 | D:9      | 10232 ||| UPGRADING to +0 kite shield.
 10242 | D:9      | 10242 ||| DROPPING +0 buckler.
 10243 | D:9      | 10243 ||| DROPPING ring of willpower.
 10244 | D:9      | 10244 ||| UPGRADING to +4 ring of protection.
 10246 | D:9      | 10246 ||| READING scroll labelled UDAUJE SERAUFE.
 10247 | D:9      | 10247 ||| READING scroll labelled RELOUM ZYBIOM.
 10295 | D:9      | 10295 ||| READING scroll labelled UNEOQA POSUKHI.
 10318 | D:10     | Entered Level 10 of the Dungeon
 10325 | D:10     | Received a gift from Okawaru
 10333 | D:10     | 10333 ||| STAIRDANCE
 10381 | D:10     | Found a staircase to the Lair.
 10402 | D:10     | Reached skill level 6 in Shields
 10466 | D:10     | Found a stormy altar of Qazlal.
 10492 | D:10     | 10492 ||| Stepping ~*~*~tactically~*~*~ (stealth).
 10507 | D:10     | Reached skill level 6 in Invocations
 10514 | D:10     | Reached XP level 12. HP: 58/76 MP: 16/16
 10627 | D:10     | 10627 ||| Stepping ~*~*~tactically~*~*~ (stealth).
 10628 | D:10     | 10628 ||| Stepping ~*~*~tactically~*~*~ (stealth).
 10629 | D:10     | 10629 ||| Stepping ~*~*~tactically~*~*~ (stealth).
 10630 | D:10     | 10630 ||| Stepping ~*~*~tactically~*~*~ (stealth).
 10631 | D:10     | 10631 ||| Stepping ~*~*~tactically~*~*~ (stealth).
 10632 | D:10     | 10632 ||| Stepping ~*~*~tactically~*~*~ (stealth).
 10634 | D:10     | Reached ***** piety under Okawaru
 10868 | D:10     | Noticed Joseph
 10887 | D:10     | Killed Joseph
 10956 | D:10     | 10956 ||| Stepping ~*~*~tactically~*~*~ (stealth).
 11051 | D:10     | 11051 ||| PLANNING LAIR
 11079 | Lair:1   | Entered Level 1 of the Lair of Beasts
 11087 | Lair:1   | 11087 ||| INVOKING Heroism.
 11104 | Lair:1   | Received a gift from Okawaru
 11476 | Lair:1   | 11476 ||| INVOKING Heroism.
 11640 | Lair:1   | 11640 ||| Stepping ~*~*~tactically~*~*~ (hiding).
 11641 | Lair:1   | 11641 ||| Stepping ~*~*~tactically~*~*~ (stealth).
 11642 | Lair:1   | 11642 ||| Stepping ~*~*~tactically~*~*~ (stealth).
 11643 | Lair:1   | 11643 ||| Stepping ~*~*~tactically~*~*~ (hiding).
 11644 | Lair:1   | 11644 ||| INVOKING Heroism.
 12243 | Lair:1   | 12243 ||| UPGRADING to +2 kite shield of protection.
 12253 | Lair:1   | 12253 ||| DROPPING +0 kite shield.
 12275 | Lair:2   | 12275 ||| STAIRDANCE
 12277 | Lair:1   | 12277 ||| INVOKING Heroism.
 12284 | Lair:1   | Reached skill level 9 in Shields
 12421 | Lair:2   | 12421 ||| INVOKING Heroism.
 12502 | Lair:2   | 12502 ||| INVOKING Heroism.
 12512 | Lair:2   | Reached skill level 9 in Invocations
 12670 | Lair:2   | 12670 ||| INVOKING Heroism.
 12790 | Lair:2   | 12790 ||| INVOKING Heroism.
 12982 | Lair:2   | Noticed a death yak
 12983 | Lair:2   | 12983 ||| INVOKING Heroism.
 12995 | Lair:2   | Killed a death yak
 13005 | Lair:2   | 13005 ||| Stepping ~*~*~tactically~*~*~ (stealth).
 13012 | Lair:2   | 13012 ||| Stepping ~*~*~tactically~*~*~ (stealth).
 13015 | Lair:2   | 13015 ||| Stepping ~*~*~tactically~*~*~ (stealth).
 13021 | Lair:2   | 13021 ||| Stepping ~*~*~tactically~*~*~ (stealth).
 13049 | Lair:2   | 13049 ||| Stepping ~*~*~tactically~*~*~ (stealth).
 13059 | Lair:2   | Reached XP level 13. HP: 78/80 MP: 20/20
 13139 | Lair:2   | Noticed Erica
 13140 | Lair:2   | 13140 ||| INVOKING Heroism.
 13146 | Lair:2   | Killed Erica
 13147 | Lair:2   | Reached skill level 9 in Armour
 13280 | Lair:2   | 13280 ||| Stepping ~*~*~tactically~*~*~ (stealth).
 13282 | Lair:2   | 13282 ||| Stepping ~*~*~tactically~*~*~ (stealth).
 13284 | Lair:2   | Found a staircase to the Shoals.
 13290 | Lair:2   | Received a gift from Okawaru
 13306 | Lair:2   | 13306 ||| INVOKING Heroism.
 13477 | Lair:2   | 13477 ||| INVOKING Heroism.
 13497 | Lair:2   | 13497 ||| INVOKING Heroism.
 13560 | Lair:2   | Found a hole to the Spider Nest.
 13925 | Lair:2   | 13925 ||| Stepping ~*~*~tactically~*~*~ (stealth).
 13926 | Lair:2   | 13926 ||| Stepping ~*~*~tactically~*~*~ (stealth).
 13928 | Lair:2   | 13928 ||| Stepping ~*~*~tactically~*~*~ (hiding).
 14056 | Lair:3   | 14056 ||| STAIRDANCE
 14092 | Lair:3   | 14092 ||| STAIRDANCE
 14296 | Lair:3   | 14296 ||| Stepping ~*~*~tactically~*~*~ (stealth).
 14297 | Lair:3   | 14297 ||| Stepping ~*~*~tactically~*~*~ (stealth).
 14391 | Lair:3   | 14391 ||| INVOKING Heroism.
 14524 | Lair:3   | 14524 ||| Stepping ~*~*~tactically~*~*~ (stealth).
 14525 | Lair:3   | 14525 ||| Stepping ~*~*~tactically~*~*~ (stealth).
 14627 | Lair:3   | 14627 ||| INVOKING Heroism.
 14665 | Lair:3   | 14665 ||| Stepping ~*~*~tactically~*~*~ (stealth).
 14666 | Lair:3   | 14666 ||| Stepping ~*~*~tactically~*~*~ (stealth).
 14676 | Lair:3   | Received a gift from Okawaru
 14690 | Lair:3   | Reached skill level 13 in Axes
 14929 | Lair:3   | 14929 ||| INVOKING Heroism.
 14957 | Lair:3   | 14957 ||| Stepping ~*~*~tactically~*~*~ (stealth).
 14959 | Lair:3   | 14959 ||| Stepping ~*~*~tactically~*~*~ (stealth).
 14961 | Lair:3   | 14961 ||| Stepping ~*~*~tactically~*~*~ (stealth).
 14968 | Lair:3   | 14968 ||| INVOKING Heroism.
 15185 | Lair:3   | 15185 ||| INVOKING Heroism.
 15339 | Lair:3   | Identified a scroll of acquirement
 15343 | Lair:3   | 15343 ||| READING scroll of acquirement.
 15343 | Lair:3   | 15343 ||| ACQUIRING +0 broad axe of flaming
 15343 | Lair:3   | Acquired a +0 broad axe of flaming
 15345 | Lair:3   | 15345 ||| DROPPING +2 war axe of chaos.
 15346 | Lair:3   | 15346 ||| UPGRADING to +0 broad axe of flaming.
 15347 | Lair:3   | 15347 ||| DROPPING +1 war axe of flaming.
 15443 | Lair:3   | 15443 ||| INVOKING Heroism.
 15673 | Lair:4   | 15673 ||| INVOKING Heroism.
 15857 | Lair:4   | 15857 ||| Stepping ~*~*~tactically~*~*~ (stealth).
 16036 | Lair:4   | 16036 ||| INVOKING Heroism.
 16184 | Lair:4   | 16184 ||| INVOKING Heroism.
 16503 | Lair:4   | 16503 ||| Stepping ~*~*~tactically~*~*~ (stealth).
 16504 | Lair:4   | 16504 ||| INVOKING Heroism.
 16507 | Lair:4   | 16507 ||| INVOKING Finesse.
 16517 | Lair:4   | Received a gift from Okawaru
 16523 | Lair:4   | Gained mutation: Your large and strong wings let you fly.
                  | [Gargoyle growth]
 16523 | Lair:4   | Reached XP level 14. HP: 88/88 MP: 15/21
 16950 | Lair:4   | 16950 ||| INVOKING Heroism.
 16951 | Lair:4   | 16951 ||| INVOKING Finesse.
 16960 | Lair:4   | Reached skill level 14 in Axes
 16997 | Lair:4   | 16997 ||| Stepping ~*~*~tactically~*~*~ (stealth).
 16998 | Lair:4   | 16998 ||| Stepping ~*~*~tactically~*~*~ (stealth).
 17000 | Lair:4   | 17000 ||| Stepping ~*~*~tactically~*~*~ (stealth).
 17005 | Lair:4   | 17005 ||| INVOKING Heroism.
 17027 | Lair:4   | Received a gift from Okawaru
 17098 | Lair:4   | 17098 ||| READING scroll of enchant armour.
 17098 | Lair:4   | 17098 ||| ENCHANTING +0 cloak.
 17321 | Lair:5   | Entered Level 5 of the Lair of Beasts
 17349 | Lair:5   | 17349 ||| INVOKING Heroism.
 17380 | Lair:5   | Noticed Josephine
 17386 | Lair:5   | 17386 ||| INVOKING Heroism.
 17393 | Lair:5   | Killed Josephine
 17661 | Lair:5   | 17661 ||| FLEEEEING.
 17662 | Lair:5   | 17662 ||| FLEEEEING.
 17663 | Lair:5   | 17663 ||| FLEEEEING.
 17664 | Lair:5   | 17664 ||| FLEEEEING.
 17665 | Lair:5   | 17665 ||| FLEEEEING.
 17666 | Lair:5   | 17666 ||| FLEEEEING.
 17667 | Lair:5   | 17667 ||| STAIRDANCE
 17771 | Lair:5   | 17771 ||| STAIRDANCE
 17773 | Lair:4   | 17773 ||| INVOKING Heroism.
 17826 | Lair:5   | 17826 ||| Stepping ~*~*~tactically~*~*~ (stealth).
 17895 | Lair:5   | Reached skill level 12 in Shields
 17952 | Lair:5   | Found a viscous altar of Jiyva.
 18373 | Lair:5   | 18373 ||| Stepping ~*~*~tactically~*~*~ (hiding).
 18374 | Lair:5   | 18374 ||| Stepping ~*~*~tactically~*~*~ (hiding).
 18572 | Lair:5   | Found a staircase to the Slime Pits.
 18668 | Lair:5   | 18668 ||| Stepping ~*~*~tactically~*~*~ (hiding).
 18669 | Lair:5   | 18669 ||| INVOKING Heroism.
 18670 | Lair:5   | 18670 ||| INVOKING Finesse.
 18831 | Lair:5   | Reached skill level 3 in Dodging
 18855 | Lair:5   | 18855 ||| INVOKING Heroism.
 18856 | Lair:5   | 18856 ||| INVOKING Finesse.
 18861 | Lair:5   | 18861 ||| Stepping ~*~*~tactically~*~*~ (stealth).
 18929 | Lair:5   | 18929 ||| INVOKING Heroism.
 18930 | Lair:5   | 18930 ||| INVOKING Finesse.
 19007 | Lair:5   | 19007 ||| INVOKING Heroism.
 19008 | Lair:5   | 19008 ||| INVOKING Finesse.
 19022 | Lair:5   | Reached skill level 6 in Throwing
 19066 | Lair:5   | 19066 ||| INVOKING Heroism.
 19242 | Lair:5   | 19242 ||| INVOKING Heroism.
 19243 | Lair:5   | 19243 ||| Stepping ~*~*~tactically~*~*~ (stealth).
 19244 | Lair:5   | 19244 ||| INVOKING Finesse.
 19463 | Lair:5   | Noticed Sonja
 19464 | Lair:5   | 19464 ||| Stepping ~*~*~tactically~*~*~ (hiding).
 19465 | Lair:5   | 19465 ||| INVOKING Heroism.
 19466 | Lair:5   | 19466 ||| INVOKING Finesse.
 19489 | Lair:5   | Reached skill level 15 in Axes
 19499 | Lair:5   | 19499 ||| INVOKING Finesse.
 19500 | Lair:5   | Killed Sonja
 19833 | Lair:5   | 19833 ||| PLANNING D:1-11
 19833 | Lair:5   | 19833 ||| DROPPING amulet of magic regeneration.
 19966 | D:11     | 19966 ||| INVOKING Heroism.
 19967 | D:11     | 19967 ||| INVOKING Finesse.
 19985 | D:11     | Received a gift from Okawaru
 20144 | D:11     | 20144 ||| Stepping ~*~*~tactically~*~*~ (hiding).
 20153 | D:11     | Reached XP level 15. HP: 83/94 MP: 22/22
 20155 | D:11     | 20155 ||| Stepping ~*~*~tactically~*~*~ (hiding).
 20162 | D:11     | 20162 ||| INVOKING Heroism.
 20269 | D:11     | Found a staircase to the Orcish Mines.
 20351 | D:11     | Noticed Grum
 20360 | D:11     | Killed Grum
 20554 | D:11     | 20554 ||| Stepping ~*~*~tactically~*~*~ (hiding).
 20555 | D:11     | 20555 ||| Stepping ~*~*~tactically~*~*~ (hiding).
 20721 | D:11     | Noticed Maurice
 20732 | D:11     | Killed Maurice
 21036 | D:11     | Noticed Psyche
 21044 | D:11     | Killed Psyche
 21176 | D:11     | 21176 ||| PLANNING D
 21176 | D:11     | 21176 ||| UPGRADING to +2 cloak of preservation.
 21186 | D:11     | 21186 ||| DROPPING +1 cloak.
 21284 | D:12     | 21284 ||| Stepping ~*~*~tactically~*~*~ (hiding).
 21286 | D:12     | 21286 ||| Stepping ~*~*~tactically~*~*~ (hiding).
 21323 | D:12     | Received a gift from Okawaru
 21324 | D:12     | Reached skill level 12 in Fighting
 21762 | D:12     | 21762 ||| Stepping randomly (disturbance).
 21798 | D:12     | Found Bapak's Antique Weapon Shop.
 21809 | D:12     | 21809 ||| BUYING crystal war axe (280 gold).
 21809 | D:12     | Bought a crystal war axe for 280 gold pieces
 21809 | D:12     | Identified the +1 war axe of Reinforcement {venom, rC+
                  | Dex+4 SInv} (You bought it in a shop on level 12 of the
                  | Dungeon)
 21809 | D:12     | 21809 ||| UPGRADING to +1 war axe of Reinforcement {venom,
                  | rC+ Dex+4 SInv}.
 22076 | D:12     | 22076 ||| UPGRADING to ring of willpower.
 22078 | D:12     | 22078 ||| UPGRADING to +4 ring of slaying {mikee}.
 22080 | D:12     | 22080 ||| DROPPING ring of positive energy.
 22081 | D:12     | 22081 ||| DROPPING ring of willpower.
 22100 | D:13     | 22100 ||| INVOKING Heroism.
 22116 | D:13     | Received a gift from Okawaru
 22445 | D:13     | Identified the ring of Activism {rPois rC- Will+ MP+9 EV+5}
 22490 | D:13     | 22490 ||| INVOKING Heroism.
 22704 | D:13     | 22704 ||| Stepping ~*~*~tactically~*~*~ (hiding).
 22705 | D:13     | 22705 ||| Stepping ~*~*~tactically~*~*~ (hiding).
 22706 | D:13     | 22706 ||| Stepping ~*~*~tactically~*~*~ (hiding).
 22809 | D:13     | 22809 ||| DROPPING amulet of guardian spirit.
 22810 | D:13     | 22810 ||| UPGRADING to ring of Activism {rPois rC- Will+
                  | MP+9 EV+5}.
 23117 | D:14     | 23117 ||| Stepping ~*~*~tactically~*~*~ (hiding).
 23242 | D:14     | Identified the +1 broad axe of the Shouting Dragonfly
                  | {heavy, *Slow Str+3 Dex+4} (Okawaru gifted it to you on
                  | level 14 of the Dungeon)
 23242 | D:14     | Received a gift from Okawaru
 23276 | D:14     | 23276 ||| UPGRADING to +1 broad axe of the Shouting
                  | Dragonfly {heavy, *Slow Str+3 Dex+4}.
 23526 | D:14     | 23526 ||| INVOKING Heroism.
 23966 | D:14     | 23966 ||| Stepping ~*~*~tactically~*~*~ (stealth).
 23968 | D:14     | 23968 ||| Stepping ~*~*~tactically~*~*~ (hiding).
 24061 | D:14     | Found a gate to the Vaults.
 24170 | D:15     | Entered Level 15 of the Dungeon
 24178 | D:15     | Reached skill level 16 in Axes
 24323 | D:15     | Found a burning altar of Makhleb.
 24365 | D:15     | 24365 ||| Stepping ~*~*~tactically~*~*~ (stealth).
 24370 | D:15     | 24370 ||| Stepping ~*~*~tactically~*~*~ (hiding).
 24380 | D:15     | Identified the +0 robe of the Sun {+Blink rElec} (Okawaru
                  | gifted it to you on level 15 of the Dungeon)
 24380 | D:15     | Received a gift from Okawaru
 24383 | D:15     | 24383 ||| INVOKING Heroism.
 24647 | D:15     | 24647 ||| Stepping ~*~*~tactically~*~*~ (stealth).
 24650 | D:15     | 24650 ||| Stepping ~*~*~tactically~*~*~ (stealth).
 24762 | D:15     | Found a staircase to the Depths.
 24763 | D:15     | 24763 ||| INVOKING Heroism.
 24968 | D:15     | 24968 ||| INVOKING Heroism.
 24983 | D:15     | Reached skill level 12 in Armour
 25211 | D:15     | 25211 ||| PLANNING ORC
 25211 | D:15     | 25211 ||| UPGRADING to +0 pair of gloves.
 25346 | Orc:1    | Entered Level 1 of the Orcish Mines
 25346 | Orc:1    | Noticed an orc warlord
 25347 | Orc:1    | 25347 ||| INVOKING Heroism.
 25349 | Orc:1    | Reached XP level 16. HP: 87/101 MP: 23/23
 25391 | Orc:1    | 25391 ||| FLEEEEING.
 25392 | Orc:1    | 25392 ||| FLEEEEING.
 25393 | Orc:1    | 25393 ||| STAIRDANCE
 25529 | Orc:1    | Found Texkiol's Gadget Gallery.
 25690 | Orc:1    | 25690 ||| INVOKING Heroism.
 25691 | Orc:1    | 25691 ||| Stepping ~*~*~tactically~*~*~ (hiding).
 25692 | Orc:1    | 25692 ||| Stepping ~*~*~tactically~*~*~ (hiding).
 25693 | Orc:1    | 25693 ||| Stepping ~*~*~tactically~*~*~ (hiding).
 25694 | Orc:1    | 25694 ||| Stepping ~*~*~tactically~*~*~ (hiding).
 25695 | Orc:1    | 25695 ||| Stepping ~*~*~tactically~*~*~ (hiding).
 25828 | Orc:1    | 25828 ||| INVOKING Heroism.
 26089 | Orc:2    | Entered Level 2 of the Orcish Mines
 26090 | Orc:2    | 26090 ||| INVOKING Heroism.
 26174 | Orc:2    | Noticed Donald
 26175 | Orc:2    | 26175 ||| INVOKING Heroism.
 26185 | Orc:2    | Killed Donald
 26186 | Orc:2    | 26186 ||| Stepping ~*~*~tactically~*~*~ (hiding).
 26432 | Orc:2    | 26432 ||| Stepping ~*~*~tactically~*~*~ (stealth).
 26433 | Orc:2    | 26433 ||| INVOKING Heroism.
 26434 | Orc:2    | 26434 ||| Stepping ~*~*~tactically~*~*~ (hiding).
 26434 | Orc:2    | Found Liacsera's Assorted Antiques.
 26453 | Orc:2    | 26453 ||| INVOKING Heroism.
 26460 | Orc:2    | Reached skill level 17 in Axes
 26463 | Orc:2    | Found Ohebuog's Weapon Boutique.
 26478 | Orc:2    | Found Remuvaw's Assorted Antiques.
 26478 | Orc:2    | Found Romots's Distillery.
 26629 | Orc:2    | 26629 ||| BUYING scroll of enchant weapon (180 gold).
 26629 | Orc:2    | Bought a scroll of enchant weapon for 180 gold pieces
 26630 | Orc:2    | 26630 ||| BUYING 2 potions of curing (78 gold).
 26630 | Orc:2    | Bought 2 potions of curing for 78 gold pieces
 26630 | Orc:2    | 26630 ||| BUYING potion of heal wounds (65 gold).
 26630 | Orc:2    | Bought a potion of heal wounds for 65 gold pieces
 26630 | Orc:2    | 26630 ||| BUYING potion of heal wounds (65 gold).
 26630 | Orc:2    | Bought a potion of heal wounds for 65 gold pieces
 26630 | Orc:2    | 26630 ||| BUYING potion of heal wounds (65 gold).
 26630 | Orc:2    | Bought a potion of heal wounds for 65 gold pieces
 26630 | Orc:2    | 26630 ||| BUYING potion of lignification (39 gold).
 26630 | Orc:2    | Bought a potion of lignification for 39 gold pieces
 26630 | Orc:2    | 26630 ||| BUYING potion of might (52 gold).
 26630 | Orc:2    | Bought a potion of might for 52 gold pieces
 26630 | Orc:2    | 26630 ||| BUYING potion of might (52 gold).
 26630 | Orc:2    | Bought a potion of might for 52 gold pieces
 26647 | Orc:2    | Found a staircase to the Elven Halls.
 26944 | Orc:2    | 26944 ||| PLANNING SPIDER:1-3
 27076 | Spider:1 | Entered Level 1 of the Spider Nest
 27140 | Spider:1 | 27140 ||| Stepping ~*~*~tactically~*~*~ (stealth).
 27309 | Spider:1 | Received a gift from Okawaru
 27833 | Spider:1 | 27833 ||| INVOKING Finesse.
 27853 | Spider:1 | 27853 ||| INVOKING Heroism.
 28091 | Spider:1 | 28091 ||| READING 18 scrolls of identify.
 28091 | Spider:1 | 28091 ||| IDENTIFYING pink potion
 28092 | Spider:1 | 28092 ||| DROPPING potion of invisibility.
 28118 | Spider:2 | Noticed Arachne
 28119 | Spider:2 | 28119 ||| INVOKING Heroism.
 28124 | Spider:2 | 28124 ||| INVOKING Finesse.
 28148 | Spider:2 | Killed Arachne
 28152 | Spider:2 | Received a gift from Okawaru
 28158 | Spider:2 | 28158 ||| INVOKING Finesse.
 28329 | Spider:2 | 28329 ||| Stepping ~*~*~tactically~*~*~ (hiding).
 28332 | Spider:2 | 28332 ||| INVOKING Finesse.
 28367 | Spider:2 | HP: 31/156 [demonic crawler (22)]
 28369 | Spider:2 | HP: 15/156 [steelbarb worm (8)]
 28370 | Spider:2 | Mangled by a steelbarb worm

Levels and vault maps discovered:
D:1:      eino_arrival_tree_alley, layout_rooms
D:2:      layout_basic, kennysheep_cross_bottleneck, uniq_robin, uniq_natasha,
          uniq_jessica
D:3:      minmay_recursive_quarters, layout_basic, nicolae_elyvilon_temple_path,
          minmay_lizard_king
D:4:      layout_cave_pools, ebering_ghost_reflecting_pool, enter_ossuary_1,
          chequers_serial_rivers_micro_a, serial_bayou_lake_a, uniq_edmund,
          uniq_ijyb
D:5:      layout_loops_cross, okawaru_ov_weapons_minmay
D:6:      layout_loops_corners, gammafunk_temple_overflow_elements,
          nicolae_overflow_hidden_temple, mainiacjoe_overflow_small_starburst,
          zin_statuary, minmay_temple_entry_gardened_gates
D:7:      layout_loops_corners, uniq_maggie
D:8:      layout_loops_corners, mainiacjoe_overflow_large_starburst,
          chequers_serial_rivers_micro_c, grunt_ministairs_4
D:9:      minmay_the_grid_3x2 [minmay_the_grid_all_tris, minmay_the_grid_empty,
          minmay_the_grid_minigrid_large, minmay_the_grid_odd_star,
          minmay_the_grid_small_cups, minmay_the_grid_prize_inner_circle],
          layout_basic, kennysheep_path_1
D:10:     layout_small_grid, nicolae_qazlal_general_emergency,
          minmay_lair_entry_grove, uniq_joseph
D:11:     layout_loops_corners, minmay_orc_entry_temple_small, uniq_grum,
          uniq_psyche, uniq_maurice
D:12:     layout_cave_pools, nicolae_wooded_promenade
D:13:     layout_roguey, serial_park_tiny_2
D:14:     layout_long_grid, david_vaults_1, chequers_arboretum
D:15:     grunt_enter_depths_snipers, layout_rooms, bloody_makhleb
Lair:1:   layout_cave_shapes, serial_bayou_pond_d, grunt_megastairs_5,
          lemuel_fruit_fields, infiniplex_staircase_pool
Lair:2:   nzn_winding_woodlands_small [nzn_winding_woodlands_5x15_longhouse,
          nzn_winding_woodlands_center_diamonds,
          nzn_winding_woodlands_5x15_eye], layout_chaotic_city,
          elwin_shoals_entry_stream, spider_nest_entry_a, minivault_24,
          st_stairs_7, chequers_serial_rivers_large_b,
          kennysheep_abandoned_house, lemuel_fruit_fields, uniq_erica
Lair:3:   layout_loops_ring, dreamdust_mushroom_princess
Lair:4:   layout_cave_shapes, nicolae_volcano_entry_batcave, grunt_megastairs_1
Lair:5:   evilmike_catoblepas_cave, layout_small_grid,
          nicolae_slime_entry_field_trip, uniq_sonja, uniq_josephine
Spider:1: layout_spider_delve, einodemon_crawler_minivault
Spider:2: layout_spider_delve, uniq_arachne
Orc:1:    layout_caves, nicolae_shop_gadgets
Orc:2:    st_orc_ogre_mass, layout_caves, uniq_donald

Skill      XL: |  1  2  3  4  5  6  7  8  9 10 11 12 13 14 15 16 |
---------------+-------------------------------------------------+-----
Axes           | 2 3 4 5 6 7 8 9 10 12 13 15 16 17 | 17.4
Fighting       | 4 5 6 7 8 9 10 11 12 13 | 13.0
Armour         | 4 5 6 7 8 10 12 13 | 13.0
Dodging        | 1 2 3 4 5 |  5.0
Throwing       | 3 4 6 7 |  7.0
Shields        | 4 5 6 10 11 12 13 | 13.0
Invocations    | 4 6 10 | 10.1

Action                     |  1- 3 |  4- 6 |  7- 9 | 10-12 | 13-15 | 16-18 || total
---------------------------+-------+-------+-------+-------+-------+-------++-------
  Melee: War axe           |    56 |   178 |   346 |   672 |   295 |       ||  1547
         Broad axe         |       |       |       |       |   688 |   250 ||   938
  Throw: Javelin           |       |       |    21 |    58 |   121 |    41 ||   241
         Boomerang         |       |       |       |    18 |     1 |    15 ||    34
 Invoke: Heroism           |       |       |     2 |    21 |    35 |     8 ||    66
         Finesse           |       |       |       |       |    10 |     4 ||    14
    Use: Scroll            |     4 |     8 |     4 |     6 |     2 |     1 ||    25
         Potion            |     1 |     2 |     4 |     4 |       |       ||    11
   Stab: Petrifying        |       |       |       |       |     1 |       ||     1
 Armour: Scale mail        |    18 |       |       |       |       |       ||    18
         Plate armour      |     8 |   120 |   235 |   409 |   488 |   147 ||  1407
  Dodge: Dodged            |    25 |    62 |    78 |   181 |   259 |   145 ||   750
  Block: Buckler           |    10 |    32 |    50 |    63 |       |       ||   155
         Kite shield       |       |       |       |   188 |   658 |   235 ||  1081

Table legend:
 A = Non-vault XP
 B = Vault XP
 C = Vault XP percentage of total XP
 D = Non-vault monster count
 E = Vault monster count
 F = Vault count percentage of total count
                 A         B        C        D         E       F
            +---------+---------+-------+---------+---------+-------
      Total |  120392 |   60538 |  33.5 |     632 |     226 |  26.3
            +---------+---------+-------+---------+---------+-------
        D:1 |      42 |       0 |   0.0 |      22 |       0 |   0.0
        D:2 |     103 |     101 |  49.5 |      19 |       9 |  32.1
        D:3 |     183 |     209 |  53.3 |      25 |      14 |  35.9
        D:4 |     316 |      38 |  10.7 |      14 |       1 |   6.7
        D:5 |    1070 |       0 |   0.0 |      28 |       0 |   0.0
        D:6 |     694 |       0 |   0.0 |      17 |       0 |   0.0
        D:7 |    1295 |     424 |  24.7 |      16 |       1 |   5.9
        D:8 |    1613 |      85 |   5.0 |      26 |       4 |  13.3
        D:9 |    2499 |    6188 |  71.2 |      24 |      24 |  50.0
       D:10 |    2879 |    1979 |  40.7 |      23 |      12 |  34.3
       D:11 |    3460 |    1790 |  34.1 |      14 |      12 |  46.2
       D:12 |    7069 |       0 |   0.0 |      27 |       0 |   0.0
       D:13 |    5301 |       0 |   0.0 |      10 |       0 |   0.0
       D:14 |    6115 |    2774 |  31.2 |      20 |       5 |  20.0
       D:15 |   13883 |    2648 |  16.0 |      29 |       3 |   9.4
     Lair:1 |    5343 |     297 |   5.3 |      26 |       2 |   7.1
     Lair:2 |    5346 |    6041 |  53.1 |      20 |      26 |  56.5
     Lair:3 |    8467 |       0 |   0.0 |      35 |       0 |   0.0
     Lair:4 |   10189 |    2102 |  17.1 |      31 |       8 |  20.5
     Lair:5 |   14012 |   12909 |  48.0 |      46 |      33 |  41.8
   Spider:1 |    7887 |    3120 |  28.3 |      14 |       7 |  33.3
   Spider:2 |   14032 |    2249 |  13.8 |      35 |       1 |   2.8
      Orc:1 |    5558 |       0 |   0.0 |      65 |       0 |   0.0
      Orc:2 |    3036 |   16372 |  84.4 |      46 |      36 |  43.9
    Ossuary |       0 |    1212 | 100.0 |       0 |      28 | 100.0
            +---------+---------+-------+---------+---------+-------
